 Dungeon Crawl Stone Soup version 0.27.1-2-g3b301248ec (webtiles) character file.

Game seed: 2560293628715849312

50 Mesmaeker13 the Skirmisher (level 3, -1/37 HPs)
             Began as an Ogre Gladiator on Sept 26, 2021.
             Killed from afar by Jessica (4 damage)
             ... with a puff of flame
             ... on level 2 of the Dungeon.
             The game lasted 00:01:57 (2198 turns).

Mesmaeker13 the Skirmisher (Ogre Gladiator)         Turns: 2198, Time: 00:01:58

Health: -1/37      AC:  3    Str: 18    XL:     3   Next: 79%
Magic:  3/3        EV: 10    Int: 10    God:
Gold:   58         SH:  0    Dex: 10    Spells: 2/2 levels left

rFire    . . .     SeeInvis .   a - +0 flail
rCold    . . .     Faith    .   (no shield)
rNeg     . . .     Spirit   .   b - +0 robe
rPois    .         Reflect  .   c - +0 hat
rElec    .         Harm     .   (no cloak)
rCorr    .         Rampage  .   (gloves unavailable)
Will     .....                  (boots unavailable)
Stlth    +.........             (no amulet)
HPRegen  0.12/turn              (no ring)
MPRegen  0.08/turn              (no ring)

@: no status effects
A: large, unfitting armour, tough skin 1
a: no special abilities


You were on level 2 of the Dungeon.
You visited 1 branch of the dungeon, and saw 2 of its levels.

You collected 58 gold pieces.

Inventory:

Hand Weapons
 a - a +0 flail (weapon)
Missiles
 e - 32 sling bullets
Armour
 b - a +0 robe (worn)
 c - a +0 hat (worn)
Jewellery
 j - an amulet of faith
Scrolls
 f - a scroll of enchant armour {unknown}
 g - a scroll of teleportation {unknown}
 i - a scroll of vulnerability {unknown}
 k - 2 scrolls of magic mapping {unknown}
 l - a scroll of fog {unknown}
Potions
 h - a potion of curing {unknown}
 m - a potion of attraction {unknown}


   Skills:
 + Level 3.5 Fighting
 + Level 3.1 Maces & Flails
 + Level 2.6 Throwing
 + Level 3.1 Dodging


You had 2 spell levels left.
You didn't know any spells.
Your spell library contained the following spells:

 Spells                   Type           Power      Damage    Failure   Level
 Static Discharge         Conj/Air       0%         N/A       50%         2
 Dazzling Flash           Conj/Hex       0%         N/A       75%         3
 Dispel Undead            Necr           0%         3d6       98%         4
 Sticky Flame             Conj/Fire      0%         2d3       98%         4
 Agony                    Necr           0%         N/A       100%        5
 Silence                  Hex/Air        0%         N/A       100%        5


Dungeon Overview and Level Annotations

Branches:
Dungeon (2/15)

Altars:

Annotations:
D:2 Jessica


Innate Abilities, Weirdness & Mutations

You are too large for most types of armour.
You have tough skin. (AC +1)


Message History

You barely resist.
Throw: 2 throwing nets
Press: ? - help, Q - select action Shift-Dir - straight line, f/p - Jessica
Aim: Jessica, wielding a +0 dagger of electrocution, wearing a +0 robe and carrying a wand of flame (10) (57% to hit)
You throw a throwing net. The throwing net barely misses Jessica.
Jessica zaps a wand.
The puff of flame hits you!
Throw: throwing net
Press: ? - help, Q - select action Shift-Dir - straight line, f/p - Jessica
Aim: Jessica, wielding a +0 dagger of electrocution, wearing a +0 robe and carrying a wand of flame (9) (57% to hit)
You throw a throwing net. The throwing net hits Jessica.
Jessica is caught in the net!
Jessica gestures wildly while chanting.
Jessica blinks!
Jessica zaps a wand.
The puff of flame hits you!
* * * LOW HITPOINT WARNING * * *
You see here a throwing net.
d - a throwing net Jessica gestures wildly while chanting.
Jessica blinks!
Throw: throwing net
Press: ? - help, Q - select action Shift-Dir - straight line, f/p - Jessica
Aim: Jessica, wielding a +0 dagger of electrocution, wearing a +0 robe and carrying a wand of flame (8) (57% to hit)
You throw a throwing net. The throwing net hits Jessica.
Jessica is caught in the net!
Jessica struggles against the net.
Jessica gestures wildly while chanting.
Jessica blinks!
You see here a scroll labelled ZANKU LAMIHE.
You see here a throwing net.
d - a throwing net Jessica gestures at you while chanting.
Pain shoots through your body!
* * * LOW HITPOINT WARNING * * *
Throw: throwing net
Press: ? - help, Q - select action Shift-Dir - straight line, f/p - Jessica
Aim: Jessica, wielding a +0 dagger of electrocution, wearing a +0 robe and carrying a wand of flame (8) (57% to hit)
You throw a throwing net. The throwing net hits Jessica.
Jessica is caught in the net!
Jessica zaps a wand.
The puff of flame hits you.
You die...

##### #(..#
########?..##############
........@................
##...###@..######....####
...........(....'....+...
.....############....####
.. ######


You could see Jessica (caught).

Vanquished Creatures
  3 dart slugs (D:1)
  3 ball pythons (D:1)
  2 endoplasms
  3 goblins (D:1)
  4 hobgoblins
  5 jackals (D:1)
  3 quokkas (D:1)
  7 bats
  2 frilled lizards (D:1)
  3 kobolds (D:1)
  6 rats
41 creatures vanquished.

Notes
Turn   | Place    | Note
-------+----------+-------------------------------------------
     0 | D:1      | Mesmaeker13 the Ogre Gladiator began the quest for the Orb.
     0 | D:1      | Reached XP level 1. HP: 22/22 MP: 1/1
    63 | D:1      | Reached XP level 2. HP: 15/29 MP: 2/2
  1064 | D:1      | Reached XP level 3. HP: 21/37 MP: 3/3
  1308 | D:1      | Found a faded altar of an unknown god.
  2179 | D:2      | Noticed Jessica
  2198 | D:2      | Killed from afar by Jessica

Illustrated notes

Levels and vault maps discovered:
D:1:      minmay_arrival_open_corners, layout_loops_corners,
          shapermc_ecumenical_altar_starsandcircs, chequers_jeans,
          minmay_close_crescents
D:2:      layout_basic, basic_altar, uniq_jessica

Skill      XL: |  1  2 |
---------------+-------+-----
Fighting       | 3 |  3.5
Maces & Flails | 3 |  3.1
Dodging        | 3 |  3.1
Throwing       | |  2.6

Action                   || total
-------------------------++-------
Melee: Flail             ||   139
Throw: Throwing net      ||     5
Armor: Robe              ||    50
Dodge: Dodged            ||   107
